 Dungeon Crawl Stone Soup version 0.22-a0-422-g9628fc8 (webtiles) character file.

5806 Jynxie the Cleaver (level 10, -3/69 HPs)
             Began as a Tengu Berserker on May 22, 2018.
             Was an Elder of Trog.
             Killed from afar by Erica (21 damage)
             ... with an orb of energy
             ... on level 9 of the Dungeon.
             The game lasted 00:28:18 (8517 turns).

Jynxie the Cleaver (Tengu Berserker)                Turns: 8517, Time: 00:28:19

Health: -3/69      AC: 12    Str: 20    XL:     10   Next: 79%
Magic:  11/11      EV: 12    Int:  8    God:    Trog [****..]
Gold:   372        SH:  0    Dex: 19    Spells: 9/9 levels left

rFire    . . .     SeeInvis .   k - +0 battleaxe
rCold    + . .     Gourm    .   (shield currently unavailable)
rNeg     . . .     Faith    .   v - +0 plate armour
rPois    .         Spirit   .   (helmet restricted)
rElec    .         Reflect  .   n - +0 cloak
rCorr    .         Harm     .   (no gloves)
MR       .....                  (boots unavailable)
Stlth    ..........             (no amulet)
HPRegen  0.21/turn              l - ring of protection from cold
MPRegen  0.12/turn              j - ring of stealth

@: agile, berserk cooldown, very slightly contaminated, slowed, invisible, very
slow
A: beak, talons 3, able to fly 1
a: Fly, Berserk, Trog's Hand, Brothers in Arms, Renounce Religion


You were on level 9 of the Dungeon.
You worshipped Trog.
Trog was greatly pleased with you.
You were near starving.

You visited 1 branch of the dungeon, and saw 9 of its levels.
You also visited: Ossuary.

You collected 372 gold pieces.

Inventory:

Hand Weapons
 a - a +1 hand axe
 k - a +0 battleaxe (weapon)
 q - a +0 hand axe of chopping
Missiles
 y - 2 tomahawks of dispersal (quivered)
Armour
 n - a +0 cloak (worn)
 v - a +0 plate armour (worn)
 x - a +1 leather armour of poison resistance
Jewellery
 j - a ring of stealth (right hand)
 l - a ring of protection from cold (left hand)
Scrolls
 b - 2 scrolls of amnesia
 e - 2 scrolls of fog
 o - 4 scrolls of teleportation
 p - 4 scrolls of identify
 s - a scroll of remove curse
 z - 2 scrolls of enchant weapon
Potions
 d - 7 potions of curing
 g - 2 potions of lignification
 h - 2 potions of cancellation
 i - a potion of invisibility
 m - a potion of ambrosia
 t - 3 potions of flight
 u - a potion of mutation
 A - a potion of brilliance
Comestibles
 c - 17 rations


   Skills:
 * Level 11.1 Fighting
 * Level 12.0 Axes
 + Level 3.7 Throwing
 - Level 2.4 Armour
 - Level 2.5 Dodging


You had 9 spell levels left.
You didn't know any spells.
Your spell library was empty.

Dungeon Overview and Level Annotations

Branches:
Dungeon (9/15)             Temple (0/1) D:7            Lair (0/6) D:8
    Orc: D:9-12

Altars:
Ashenzari
Cheibriados
Dithmenos
Elyvilon
Hepliaklqana
Makhleb
Ru
Sif Muna
Wu Jian

Shops:
D:4 !

Annotations:
D:9 Erica


Innate Abilities, Weirdness & Mutations

You have a beak for a mouth.
You have claws for feet.
You can fly.


Message History

* * * LOW HITPOINT WARNING * * *
You fade into invisibility!
Something hits you.
* * * LOW HITPOINT WARNING * * *
Something burns you.
* * * LOW HITPOINT WARNING * * *
You are very lightly contaminated with residual magic.
You feel better.
You are near starving!
Something hits you.
* * * LOW HITPOINT WARNING * * *
Something burns you.
* * * LOW HITPOINT WARNING * * *
You feel better. Something hits you but does no damage.
You hear some strange, mumbled words.
Something tries to affect you, but you resist.
You hear some strange, mumbled words.
An orb of energy appears from out of thin air!
The orb of energy hits you!
You die...

..# #.#
... #.#
#.# #.#
###.#
#..F#
#@### #<#
#.#
########.#
.........#
##########


You could see a bullfrog.

Vanquished Creatures
  A two-headed ogre (D:8)
  The ghost of azzavlup the Cleaver, a novice HOBe of Trog (D:7)
  An elephant (D:8)
  2 hippogriffs (D:7)
  Sigmund (D:2)
  A basilisk (D:8)
  A yak (D:8)
  A hungry ghost (D:8)
  The ghost of Jynxie the Skirmisher, an amateur DsBe of Trog (D:3)
  Menkaure (D:4)
  A steam dragon (D:7)
  A black bear (D:8)
  2 ice beasts (D:6)
  A sky beast (D:5)
  2 orc warriors
  An ogre (D:6)
  4 phantoms
  A necrophage (D:6)
  A centaur (D:8)
  A crocodile (D:8)
  2 big kobolds (D:8)
  2 bullfrogs
  2 water moccasin zombies
  2 scorpions
  3 wights (D:7)
  4 howler monkeys
  2 crimson imps
  A quasit (D:4)
  3 bullfrog zombies
  3 orc priests
  A centaur skeleton (D:8)
  7 hounds
  5 iguanas
  2 orc wizards (D:8)
  2 worker ants
  3 big kobold zombies (Ossuary)
  A hound skeleton (D:2)
  3 mummies
  A worker ant zombie (D:6)
  4 adders
  3 gnolls (D:6)
  3 oozes
  2 adder zombies (Ossuary)
  An adder skeleton (D:7)
  2 worms
  A dart slug (D:3)
  3 leopard geckos
  22 orcs
  4 giant cockroaches
  7 goblins
  6 hobgoblins
  21 jackals
  3 quokkas
  2 ball pythons
  4 bats (D:3)
  6 frilled lizards
  3 gnoll zombies (Ossuary)
  4 hobgoblin zombies (Ossuary)
  20 kobolds
  9 kobold zombies (Ossuary)
  7 orc zombies (Ossuary)
  A quokka skeleton (D:8)
  5 rats
218 creatures vanquished.

Vanquished Creatures (others)
  A leopard gecko zombie (D:7)
1 creature vanquished.

Grand Total: 219 creatures vanquished

Notes
Turn   | Place    | Note
-------+----------+-------------------------------------------
     0 | D:1      | Jynxie the Tengu Berserker began the quest for the Orb.
     0 | D:1      | Reached XP level 1. HP: 14/14 MP: 2/2
   115 | D:1      | Reached XP level 2. HP: 17/19 MP: 3/3
   687 | D:2      | Reached XP level 3. HP: 16/23 MP: 4/4
   718 | D:2      | Found a faded altar of an unknown god.
   770 | D:2      | Noticed Sigmund
   781 | D:2      | Killed Sigmund
   781 | D:2      | Reached skill level 5 in Axes
   781 | D:2      | Reached XP level 4. HP: 30/30 MP: 5/5
   781 | D:2      | Gained mutation: You can fly. [Tengu growth]
   781 | D:2      | Reached XP level 5. HP: 34/34 MP: 6/6
   815 | D:2      | Reached ** piety under Trog
   943 | D:2      | Found a shattered altar of Ashenzari.
  1211 | D:3      | Reached XP level 6. HP: 40/40 MP: 7/7
  1238 | D:3      | Found a sacrificial altar of Ru.
  1377 | D:3      | Reached skill level 5 in Fighting
  1380 | D:3      | Noticed Jynxie's ghost (amateur DsBe)
  1390 | D:3      | HP: 2/40 [Jynxie's ghost (5)]
  1395 | D:3      | Killed Jynxie's ghost
  1395 | D:3      | Reached skill level 6 in Axes
  1835 | D:3      | Reached *** piety under Trog
  2279 | D:4      | Reached XP level 7. HP: 42/45 MP: 8/8
  2304 | D:4      | Noticed Menkaure
  2308 | D:4      | Killed Menkaure
  2341 | D:4      | Found Voulitan's Distillery.
  2429 | D:4      | Found a deep blue altar of Sif Muna.
  2780 | D:5      | Entered Level 5 of the Dungeon
  2807 | D:5      | Reached skill level 7 in Axes
  3049 | D:4      | Reached XP level 8. HP: 36/52 MP: 9/9
  3814 | D:6      | Reached skill level 8 in Axes
  4151 | D:6      | Reached skill level 9 in Axes
  4230 | D:6      | Reached XP level 9. HP: 49/59 MP: 10/10
  4334 | D:6      | Found a burning altar of Makhleb.
  4458 | D:6      | Found a white marble altar of Elyvilon.
  4464 | D:6      | Found a shadowy altar of Dithmenos.
  4464 | D:6      | Found an ornate altar of the Wu Jian Council.
  5004 | D:7      | Found a hazy altar of Hepliaklqana.
  5043 | D:7      | Received a gift from Trog
  5072 | D:7      | Found a snail-covered altar of Cheibriados.
  5201 | D:7      | Reached skill level 10 in Axes
  5671 | D:7      | Reached **** piety under Trog
  6213 | D:7      | Reached skill level 1 in Throwing
  6233 | D:7      | Noticed azzavlup's ghost (novice HOBe)
  6486 | D:7      | Killed azzavlup's ghost
  6486 | D:7      | Reached skill level 10 in Fighting
  6486 | D:7      | Reached skill level 11 in Axes
  6486 | D:7      | Reached XP level 10. HP: 30/68 MP: 2/11
  6630 | D:7      | Found a staircase to the Ecumenical Temple.
  6713 | D:8      | Found a staircase to the Lair.
  6713 | D:8      | Noticed an elephant
  6722 | D:8      | Killed an elephant
  7070 | D:8      | Found a sand-covered staircase.
  7080 | Ossuary  | Entered an ossuary
  7912 | D:8      | Noticed a two-headed ogre
  7918 | D:8      | Killed a two-headed ogre
  8235 | D:8      | Reached skill level 12 in Axes
  8494 | D:9      | Noticed Erica
  8511 | D:9      | HP: 3/69 [something (2)]
  8512 | D:9      | HP: 1/69 [something (1)]
  8517 | D:9      | Killed from afar by Erica

Vault maps used:
D:1:      dpeg_arrival_short_road
D:2:      ashenzari_conservatory_becter, first_ration,
          chequers_ecumenical_altar_simple_redux, st_stairs_9,
          hangedman_feature_mirror, uniq_sigmund
D:3:      serial_bayou, serial_bayou_lagoon_a, serial_bayou_shore_a,
          serial_bayou_lagoon_b, serial_bayou_pond_a, kennysheep_nub,
          nicolae_ru_great_annihilating_truth
D:4:      overflow_temple_1_default, serial_shops, shop, uniq_menkaure
D:5:      minmay_curled_crystal
D:6:      minitemple, lightli_orcish_oven
D:7:      lemuel_crystal_altar, slow_altar_2, minmay_temple_entry_poolview
D:8:      david_lair_generic, nicolae_ossuary_entry_ruins
D:9:      kennysheep_orc_monster_closet_entryway, serial_bayou,
          serial_bayou_lake_a, serial_bayou_ford_a, serial_bayou_pond_a,
          serial_bayou_pond_c, uniq_erica
Ossuary:  ossuary_tomb_2

Skill      XL: |  1  2  3  4  5  6  7  8  9 10 |
---------------+-------------------------------+-----
Fighting       | 4 5 6 8 10 11 | 11.1
Axes           | 5 6 7 9 11 12 | 12.0
Throwing       | 2 3 |  3.7
Armour         | |  2.4
Dodging        | |  2.5

Action                   |  1- 3 |  4- 6 |  7- 9 | 10-12 || total
-------------------------+-------+-------+-------+-------++-------
Melee: Hand axe          |    47 |   115 |   289 |       ||   451
       Peck              |     3 |    15 |    50 |    26 ||    94
       Kick              |     8 |    30 |    87 |    45 ||   170
       Battleaxe         |       |       |     9 |   125 ||   134
Invok: Berserk           |     1 |     1 |     9 |     5 ||    16
       Trog's Hand       |       |       |     4 |     2 ||     6
  Use: Scroll            |     6 |       |    11 |     6 ||    23
       Potion            |       |     2 |     3 |     5 ||    10
 Stab: Sleeping          |       |     2 |     2 |       ||     4
       Paralysed         |       |     1 |       |       ||     1
  Eat: Chunk             |       |     6 |    15 |     9 ||    30
       Ration            |       |       |     2 |     1 ||     3
Armor: Ring mail         |    11 |    34 |    82 |       ||   127
       Animal skin       |     1 |       |       |       ||     1
       Scale mail        |       |       |    26 |    39 ||    65
       Plate armour      |       |       |       |    22 ||    22
Dodge: Dodged            |    21 |    71 |   166 |    57 ||   315

Table legend:
 A = Spawn XP
 B = Non-spawn XP
 C = Spawn XP percentage of total XP
 D = Spawn monster count
 E = Non-spawn monster count
 F = Spawn count percentage of total count
 G = Total turns spent on level
                    A         B        C        D         E        F      G
               +---------+---------+-------+---------+---------+-------+---------
         Total |       0 |    8295 |   0.0 |       0 |     218 |   0.0 |  8517
               +---------+---------+-------+---------+---------+-------+---------
           D:1 |       0 |      27 |   0.0 |       0 |      17 |   0.0 |   656
           D:2 |       0 |     290 |   0.0 |       0 |      20 |   0.0 |   781
           D:3 |       0 |     298 |   0.0 |       0 |      32 |   0.0 |   831
           D:4 |       0 |     330 |   0.0 |       0 |       6 |   0.0 |   862
           D:5 |       0 |     528 |   0.0 |       0 |      18 |   0.0 |   638
           D:6 |       0 |    1316 |   0.0 |       0 |      28 |   0.0 |  1169
           D:7 |       0 |    2379 |   0.0 |       0 |      30 |   0.0 |  1766
           D:8 |       0 |    2898 |   0.0 |       0 |      36 |   0.0 |  1487
       Ossuary |       0 |     229 |   0.0 |       0 |      31 |   0.0 |   296
               +---------+---------+-------+---------+---------+-------+---------
